Map: Chantier naval orbital

Players

NoThreeD - Winner!

  • Race: Terran Terran
  • League: Grandmaster

AgCl

  • Race: Protoss Protoss
  • League: Grandmaster

VOD

Have the link to the VOD?

Description

Time

  • Played on: June 6, 2015, 12:11 a.m.
  • Length: 5:43
Show
View Real Time Build Order
Export as new Build Order

NoThreeD Terran - Winner!

Build Orders: Reaper Expand 

Get SALT Encoding   

  12  0:01  SCV  
  13  0:13  SCV  
  14  0:18  Supply Depot  
  14  0:27  SCV  
  15  0:39  SCV  
  15  0:41  Barracks  
  16  0:46  Refinery  
  16  0:52  SCV  
  17  1:04  SCV  
  18  1:16  SCV  
  19  1:31  Reaper  
  20  1:32  Orbital Command  
  20  1:38  Barracks  
  20  1:56  Command Center  
  20  2:12  SCV  
  21  2:15  Barracks Reactor  
  21  2:22  Engineering Bay  
  21  2:25  SCV  
  21  2:27  Marine  
  23  2:41  Bunker  
  23  2:54  Barracks Tech Lab  
  23  2:56  Supply Depot  
  23  3:09  SCV, Barracks, Marine x2  
  26  3:14  Marine  
  26  3:16  Stimpack  
  27  3:26  Terran Infantry Weapons Level 1  
  27  3:27  Marine x2  
  29  3:34  Missile Turret  
  29  3:35  SCV  
  29  3:36  Orbital Command  
  29  3:38  Missile Turret  
  30  3:42  Marine  
  30  3:44  Marine  
  30  3:47  SCV  
  33  3:49  Marine  
  34  3:58  Marine  
  34  3:59  SCV  
  34  4:00  Marine  
  34  4:02  Marine  
  37  4:07  Supply Depot, Marine  
  37  4:08  SCV  
  40  4:15  Marine  
  41  4:18  Marine  
  41  4:19  SCV  
  41  4:21  Marine  
  44  4:24  Marine  
  44  4:26  SCV  
  46  4:31  SCV  
  46  4:33  Marine  
  46  4:36  Marine  
  49  4:38  SCV  
  49  4:43  SCV  
  51  4:50  Marine x2  
  51  4:51  SCV  
  54  5:03  Supply Depot  
  54  5:08  SCV, Marine x2  
  54  5:10  Refinery  
  57  5:17  Command Center, Marine x2  
  57  5:18  Factory  
  59  5:22  SCV x2  
  62  5:31  Supply Depot  
Show
View Real Time Build Order
Export as new Build Order

AgCl Protoss 

Build Orders: Carrier Rush 

Get SALT Encoding   

  12  0:10  Pylon  
  12  0:15  Probe  
  13  0:27  Probe  
  14  0:36  Gateway  
  14  0:40  Probe  
  15  0:47  Assimilator  
  15  0:52  Probe  
  16  1:04  Probe  
  17  1:16  Probe  
  18  1:27  Cybernetics Core  
  18  1:28  Probe (Chrono Boost)  
  18  1:29  Pylon  
  20  1:40  Probe (Chrono Boost)  
  20  1:41  Assimilator  
  20  1:48  Probe (Chrono Boost)  
  21  1:57  Probe (Chrono Boost)  
  22  2:07  Adept  
  25  2:09  Probe (Chrono Boost)  
  24  2:17  Probe (Chrono Boost)  
  24  2:18  Stargate  
  25  2:26  Probe  
  26  2:42  Nexus  
  26  2:43  Mothership Core (Chrono Boost)  
  27  3:04  Probe (Chrono Boost)  
  28  3:15  Probe  
  28  3:16  Pylon  
  28  3:19  Warp Gate  
  29  3:27  Probe  
  30  3:34  Pylon  
  30  3:38  Fleet Beacon  
  30  3:39  Probe (Chrono Boost)  
  31  3:51  Probe (Chrono Boost)  
  33  3:58  Probe (Chrono Boost)  
  33  4:01  Carrier (Chrono Boost)  
  33  4:02  Probe (Chrono Boost)  
  34  4:06  Probe (Chrono Boost)  
  36  4:10  Probe (Chrono Boost)  
  36  4:12  Assimilator  
  36  4:13  Assimilator  
  36  4:14  Probe (Chrono Boost)  
  38  4:18  Probe (Chrono Boost)  
  38  4:20  Probe (Chrono Boost)  
  45  4:26  Probe  
  47  4:31  Probe  
  47  4:38  Probe  
  48  4:43  Probe  
  48  4:50  Probe (Chrono Boost)  
  48  4:56  Probe (Chrono Boost)  
  49  5:02  Probe (Chrono Boost)  
  51  5:07  Probe (Chrono Boost)  
  51  5:11  Gateway  
  51  5:12  Probe (Chrono Boost), Gateway  
  53  5:14  Probe (Chrono Boost)  
  57  5:40  Pylon  
Tags
 
Add a new tag
Caveats
  • Supply blocks, unpowered buildings, or Contaminate may cause inaccurate times.
  • Supply counts are checked every 10 seconds.